AoeStats
← [MZTK]Felipooon

Arabia

504149801Analyzed
1v1 RM · 29d ago on Sep 4, 2026· 45m 23s· 2 players
Game mode
Random Map
Map size
Tiny (2 player)
Population
200
Speed
Normal
Resources
Standard
Victory
Conquest
Starting age
Dark Age
Ending age
Imperial Age
RankedLock teamsTeams togetherTeam positionsShared explorationLock speedFull tech treeHidden civsTurbo modeCheats
Victory
Defeat
🇲🇽 Vietnamese · Mexico
938
+17
🇦🇺 Cumans · Australia
951
-46
[MZTK]Felipooon
8:15 Loom
11:12 Feudal Age
12:11 Double-Bit Axe
14:11 Horse Collar
17:25 Fletching
23:44 Castle Age
22:41 Padded Archer Armor
23:53 Crossbowman
26:01 Wheelbarrow
25:53 Gold Mining
27:42 Bodkin Arrow
31:16 Leather Archer Armor
31:42 Thumb Ring
35:56 Bloodlines
36:40 Ballistics
46:06 Imperial Age
44:24 Hand Cart
Old Mate
0:37 Loom
12:39 Feudal Age
14:42 Wheelbarrow
21:52 Bloodlines
22:56 Scale Barding Armor
27:13 Castle Age
28:52 Chain Barding Armor
34:03 Forging
34:37 Light Cavalry
39:03 Hand Cart
Connection lost

Rejoining the realm…

Still unreachable

The connection could not be restored.

Session expired

The server has moved on; the page needs a fresh start.